 Dungeon Crawl Stone Soup version 0.17.0-27-g4a3f43e (webtiles) character file.

81 Kidiri the Ruffian (level 4, -1/44 HPs)
             Began as a Troll Monk on Nov 21, 2015.
             Killed by divine providence
             ... invoked by an orc priest
              (13 damage)
             ... on level 3 of the Dungeon.
             The game lasted 00:04:32 (1455 turns).

Kidiri the Ruffian (Troll Monk)                     Turns: 1455, Time: 00:04:33

Health: -1/44      AC:  6    Str: 17    XL:     4   Next: 20%
Magic:  3/3        EV: 11    Int:  4    God:
Gold:   97         SH:  0    Dex: 13    Spells: 0 memorised, 3 levels left

rFire  x . .     SeeInvis .       - Unarmed
rCold  + . .     Clarity  .     a - +1 robe
rNeg   . . .     SustAt   .     (no shield)
rPois  .         Gourm    +     (helmet restricted)
rElec  .         Spirit   .     (no cloak)
rCorr  .         Warding  .     (gloves unavailable)
rMut   .         Stasis   .     (boots unavailable)
MR     .....                    (no amulet)
Stlth  +.........               (no ring)
                                l - ring of ice

@: confused, not resistant to hostile enchantments, very unstealthy
A: unfitting armour, claws 3, dopey 1, fast metabolism 3, gourmand, regeneration
3, shaggy fur 1, tough skin 2, weak 1
a: no special abilities


You were on level 3 of the Dungeon.
You were completely stuffed.

You visited 1 branch of the dungeon, and saw 3 of its levels.

You collected 97 gold pieces.

Inventory:

Missiles
 c - 69 stones (quivered)
 n - 11 steel sling bullets
Armour
 a - a +1 robe (worn)
Jewellery
 l - a ring of ice (left claw)
Wands
 m - a wand of digging (9)
Potions
 e - a potion of cure mutation {unknown}
 f - a potion of curing {unknown}
 k - a potion of agility {unknown}
Comestibles
 b - 2 bread rations
 d - a slice of pizza
 i - 2 fruits
 j - 4 chunks of flesh


   Skills:
 * Level 2.9 Fighting
 + Level 1.0 Throwing
 * Level 3.2 Dodging
 - Level 1.1 Stealth
 * Level 4.4 Unarmed Combat


You had 3 spell levels left.
You didn't know any spells.

Dungeon Overview and Level Annotations

Branches:
Dungeon (3/15)

Altars:
Okawaru
Zin


Innate Abilities, Weirdness & Mutations

You are too large for most types of armour.
You have claws for hands.
Your metabolism is lightning-fast.
You like to eat raw meat.
You regenerate.
You are covered in fur (AC +1).
You have very tough skin (AC +2).
You are dopey. (Int -2)
You are weak. (Str -2)


Message History

The orc priest invokes the aid of Beogh against you.
Something smites you!
The orc wizard points at you and mumbles some strange words.
The puff of flame hits you! The fire burns you terribly!
The orc hits you with a mace!
* * * LOW HITPOINT WARNING * * *
Unknown command.
Drink which item? (? for menu, Esc to quit)
It was a potion of magic.
Magic courses through your body. The orc hits you with a club.
* * * LOW HITPOINT WARNING * * *
The orc wizard mumbles some strange words.
The orc wizard seems to speed up.
The orc misses you.
Drink which item? (? for menu, Esc to quit)
It was a potion of ambrosia.
You are confused.
You feel invigorated.
The orc priest invokes the aid of Beogh against you.
Something smites you!
You die...

....##........#.# #.#.#.......
..............#.# #.#.#.......
....##........#.####.#.#.......
................#..............
....##........###......########
.......................# ##
....#####.#..........### ....#
#......o.....# '####
.....o)@.#### .####
....o.o..)....# ....#
..........##### ....#
.#........# ....# #........#
....# #[.......# ....#
###+##+#.# [...# .# ......


You could see an orc priest, an orc wizard and 2 orcs.

Vanquished Creatures
  Robin (D:3)
  2 adders (D:2)
  A worm (D:1)
  3 giant geckos
  3 orcs (D:3)
  5 bats
  2 giant cockroaches (D:1)
  3 hobgoblins
  2 jackals (D:1)
  9 goblins
  A jackal zombie (D:3)
  6 kobolds
  6 rats
44 creatures vanquished.

Notes
Turn   | Place    | Note
--------------------------------------------------------------
     0 | D:1      | Kidiri the Troll Monk began the quest for the Orb.
     0 | D:1      | Reached XP level 1. HP: 22/22 MP: 0/0
   292 | D:1      | Reached XP level 2. HP: 29/29 MP: 1/1
   708 | D:1      | Reached XP level 3. HP: 31/36 MP: 2/2
   837 | D:1      | You fall through a shaft!
   953 | D:2      | Found a glowing silver altar of Zin.
   974 | D:2      | Gained mutation: You regenerate. [potion of mutation]
   974 | D:2      | Gained mutation: You are dopey. (Int -2) [potion of mutation]
   974 | D:2      | Gained mutation: You are weak. (Str -2) [potion of mutation]
  1079 | D:2      | Found an iron altar of Okawaru.
  1116 | D:2      | Reached skill level 1 in Throwing
  1240 | D:2      | You fall through a shaft!
  1368 | D:3      | Noticed Robin
  1378 | D:3      | Killed Robin
  1378 | D:3      | Reached XP level 4. HP: 37/44 MP: 3/3
  1455 | D:3      | Killed from afar by an orc priest

Action                   |  1- 3 |  4- 6 || total
-------------------------+-------+-------++-------
Melee: Unarmed           |    96 |    16 ||   112
  Use: Scroll            |     4 |       ||     4
       Potion            |     1 |     2 ||     3
 Stab: Sleeping          |     1 |       ||     1
  Eat: Chunk             |    18 |     1 ||    19
